AoeStats
← old f1sh

Arabia

510077303Analyzed
1v1 RM · 2d ago on Sep 29, 2026· 44m 12s· 2 players
Game mode
Random Map
Map size
Tiny (2 player)
Population
200
Speed
Normal
Resources
Standard
Victory
Conquest
Starting age
Dark Age
Ending age
Imperial Age
RankedLock teamsTeams togetherTeam positionsShared explorationLock speedFull tech treeHidden civsTurbo modeCheats
Victory
Defeat
🇨🇳 Saxons · China
1575
+15
🇹🇼 Huns · Taiwan
1550
-15
acc0041
6:11 Loom
8:45 Feudal Age
9:32 Double-Bit Axe
13:24 Horse Collar
19:01 Castle Age
17:12 Gold Mining
18:07 Fletching
18:30 Padded Archer Armor
19:40 Bloodlines
20:06 Bodkin Arrow
20:30 Bow Saw
20:40 Husbandry
23:41 Ballistics
24:33 Heavy Plow
27:51 Stone Mining
30:09 Wheelbarrow
30:16 Thumb Ring
34:59 Imperial Age
33:03 Scale Barding Armor
33:14 Leather Archer Armor
33:10 Forging
34:11 Chain Barding Armor
34:09 Marauders
35:09 Elite Tarkan
36:25 Iron Casting
37:50 Plate Barding Armor
39:01 Blast Furnace
38:23 Conscription
old f1sh
6:18 Loom
6:42 Loom
9:06 Feudal Age
17:37 Castle Age
15:43 Horse Collar
18:20 Double-Bit Axe
19:49 Bow Saw
21:17 Wheelbarrow
22:37 Town Watch
23:34 Fletching
23:45 Padded Archer Armor
25:01 Hand Cart
25:27 Heavy Plow
26:55 Redemption
30:03 Leather Archer Armor
29:44 Bodkin Arrow
29:54 Husbandry
30:04 Bloodlines
31:07 Thumb Ring
34:17 Imperial Age
33:08 Ballistics
34:49 Leather Archer Armor
34:38 Cranequins
35:27 Bracer
36:28 Chemistry
36:32 Scale Mail Armor
37:05 Ring Archer Armor
36:27 Pikeman
37:42 Chain Mail Armor
37:35 Halberdier
38:15 Squires
42:18 Forging
Connection lost

Rejoining the realm…

Still unreachable

The connection could not be restored.

Session expired

The server has moved on; the page needs a fresh start.